 Dungeon Sprint DCSS version 0.31.0-12-g77e489cdc1 (webtiles) character file.

Game seed: 7471080072867116121

3100000 Kallu the Intangible (level 22, -77/194 HPs)
             Began as a Djinni Warper on Feb 14, 2024.
             Was the Champion of Makhleb.
             Annihilated by a large bag of meat
             ... wielding a +9 giant spiked club
              (133 damage)
             ... in the Dungeon (Sprint VIII: "Arena of Blood").
             The game lasted 00:01:48 (31 turns).

Kallu the Intangible (Djinni Warper)                  Turns: 31, Time: 00:01:48

Health: -77/194    AC:  6    Str: 10    XL:     22   Next: 26%
Gold:   0          EV: 25    Int: 25    God:    Makhleb [******] SH:  0 Dex: 14

rFire   + + .        h - +∞ Axe of Woe
rCold   x . .        (shield currently unavailable)
rNeg    . . .        a - +0 leather armour
rPois   ∞            (no helmet)
rElec   .            (no cloak)
rCorr   .            (no gloves)
SInv    +            (boots unavailable)
Will    ++...        (no amulet)
Stlth   +            i - ring of see invisible
HPRegen 0.52/turn    (no ring)
MPRegen 0.00/turn

%: no teleportation, infuse magic (-78 HP)
@: flying
A: sickness immunity, fire resistance 2, cold vulnerability 1, float, innate
caster, HP casting, extra vitality 1
a: Renounce Religion, Minor Destruction, Lesser Servant of Makhleb, Major
Destruction, Greater Servant of Makhleb


You were in the Dungeon.
You worshipped Makhleb.
Makhleb was exalted by your worship.
You visited 1 branch

Inventory:

Hand Weapons
 h - the +∞ Axe of Woe (weapon)
   (You found it in the Dungeon)
Missiles
 c - 7 darts of dispersal (quivered)
Armour
 a - a +0 leather armour (worn)
Jewellery
 i - a ring of see invisible (left hand)
Scrolls
 b - 2 scrolls of blinking
Potions
 d - a potion of curing
 e - a potion of heal wounds
 f - a potion of haste
 g - a potion of berserk rage


   Skills:
 O Level 27 Fighting
 O Level 27 Axes
 O Level 27 Throwing
 O Level 27 Armour
 O Level 27 Dodging
 O Level 27 Unarmed Combat
 O Level 27 Spellcasting
 O Level 27 Conjurations
 O Level 27 Hexes
 O Level 27 Summonings
 O Level 27 Necromancy
 O Level 27 Translocations
 O Level 27 Fire Magic
 O Level 27 Ice Magic
 O Level 27 Air Magic
 O Level 27 Earth Magic
 O Level 27 Alchemy


You knew the following spells:

 Your Spells              Type           Power      Damage    Failure   Level
a - Blink                 Tloc           100%       N/A       0%          2
b - Lesser Beckoning      Tloc           100%       N/A       0%          2
c - Teleport Other        Tloc           100%       N/A       0%          3
d - Manifold Assault      Tloc           100%       N/A       0%          4
e - Vhi's Electric Charg  Tloc/Air       100%       N/A       0%          4
f - Slow                  Hex            100%       N/A       0%          1
g - Scorch                Fire           100%       2d9       0%          2
h - Volatile Blastmotes   Fire/Tloc      100%       2d18      0%          3
i - Olgreb's Toxic Radia  Alch           100%       N/A       0%          4
j - Curse of Agony        Necr           100%       N/A       0%          5
k - Summon Forest         Summ/Tloc      53%        N/A       0%          5
l - Starburst             Conj/Fire      53%        6d14      0%          6
m - Dispersal             Tloc           53%        N/A       0%          6
n - Orb of Destruction    Conj           53%        9d13      0%          7
o - Infestation           Necr           53%        N/A       1%          8
Your spell library was empty.

Dungeon Overview and Level Annotations

Branches:
Dungeon (1/1)

Altars:
Makhleb


Innate Abilities, Weirdness & Mutations

You are immune to sickness and miasma.
You are immune to poison.
Your flesh is very heat resistant. (rF++)
You are vulnerable to cold. (rC-)
You float through the air rather than walking.
You learn spells naturally, not from books.
Your magical power is your life essence.
You have superior vitality. (+4 MHP)


Message History

You have mastered Armour!
You have reached level 22!
Unknown command.
Casting: Vhi's Electric Charge (safe; 0% risk of failure)
Confirm with . or Enter, or press ? or * to list all spells.
Aiming: Infestation (mildly dangerous; 1% risk of failure)
Press: ? - help, Dir - move target, f - bag of meat
Aim: a bag of meat, wielding a +9 war axe and wearing a +30 ring of slaying You call forth a plague of scarabs!
The bag of meat is infested! x4
The destroyer is infested!
The bag of meat is infested! x5
The bag of meat is unaffected.
The bag of meat is infested! x7
The destroyer is infested!
The bag of meat is infested! x2
The eight-headed meat hydra is infested!
The bag of meat is infested!
The bag of meat shouts!
Your death scarab bites the meat berserker!
Your death scarab drains the meat berserker's vigour!
The meat berserker seems to slow down.
Your death scarab draws strength from the meat berserker's injuries!
The meat berserker hits you with a +9 battleaxe!!!
Your death scarab bites the meat berserker!
Your death scarab drains the meat berserker's vigour!
The meat berserker seems to slow down.
Your death scarab draws strength from the meat berserker's injuries!
The eight-headed meat hydra calls on the powers of darkness!
The eight-headed meat hydra convulses!
The bag of meat convulses! x4
The meat berserker convulses!
The large bag of meat convulses!
Flame seeps out of the large bag of meat.
The bag of meat convulses! x5; Your body is wracked with pain!
The bag of meat convulses! x8; The large bag of meat convulses!
Flame seeps out of the large bag of meat.
The bag of meat convulses! x7
The meat berserker hits your death scarab with a +9 battleaxe!!
Your death scarab is destroyed!
The meat berserker hits you with a +9 battleaxe!
* * * LOW HITPOINT WARNING * * *
The large bag of meat is engulfed in blazing flames.
The large bag of meat hits you with a +9 giant spiked club!!!!
Ouch! That really hurt!
You die...

################
......B§)....O.####
....z.)OO.........####
....##.##@#####......##
....oOO.O)OooooD§......
# ...o##o##ooooo.......
.........ooooVoo......
.......#.#.oooV).#..o.
.......ooo.oooo####. .
.......o.O)oo.....O
.o.......oO........
.o.................


You could see an eight-headed meat hydra (infested), 2 destroyers, a sculptor of
flesh, 5 large bags of meat, 2 meat berserkers, 27 bags of meat and a friendly
death scarab.

Vanquished Creatures
  15 ogres (D)
  A two-headed ogre (D)
  22 orcs (D)
38 creatures vanquished.

Notes
Turn   | Place    | Note
-------+----------+-------------------------------------------
     0 | D        | Found the +∞ Axe of Woe
     0 | D        | Kallu the Djinni Warper began the quest for the Orb.
     0 | D        | Kallu set off with the following spells memorised: Blink,
                  | Lesser Beckoning, Teleport Other, Manifold Assault, Vhi's
                  | Electric Charge.
     0 | D        | Reached XP level 1. HP: 18/18 MP: 0/0
     0 | D        | Noticed a meat berserker
     2 | D        | Killed a meat berserker
     2 | D        | Noticed a bag of meat
     2 | D        | Noticed a bag of meat
     2 | D        | Noticed a bag of meat
     3 | D        | Reached skill level 15 in Fighting
     3 | D        | Reached skill level 15 in Dodging
     3 | D        | Reached XP level 2. HP: 43/43 MP: 0/0
     3 | D        | Reached XP level 3. HP: 49/49 MP: 0/0
     3 | D        | Learned a level 1 spell: Slow
     3 | D        | Reached XP level 4. HP: 55/55 MP: 0/0
     3 | D        | Reached XP level 5. HP: 60/60 MP: 0/0
     3 | D        | Learned a level 2 spell: Scorch
     3 | D        | Reached XP level 6. HP: 67/67 MP: 0/0
     3 | D        | Reached XP level 7. HP: 72/72 MP: 0/0
     3 | D        | Learned a level 3 spell: Volatile Blastmotes
     3 | D        | Reached XP level 8. HP: 78/78 MP: 0/0
     3 | D        | Reached XP level 9. HP: 84/84 MP: 0/0
     3 | D        | Learned a level 4 spell: Olgreb's Toxic Radiance
     3 | D        | Reached XP level 10. HP: 91/91 MP: 0/0
     3 | D        | Reached XP level 11. HP: 96/96 MP: 0/0
     3 | D        | Learned a level 5 spell: Curse of Agony
     3 | D        | Reached XP level 12. HP: 103/103 MP: 0/0
     5 | D        | Became a worshipper of Makhleb the Destroyer
     6 | D        | Noticed a bag of meat
     7 | D        | Noticed a meat berserker
     7 | D        | Noticed a meat berserker
     7 | D        | Noticed a bag of meat
     8 | D        | Killed a bag of meat
     8 | D        | Noticed a bag of meat
     8 | D        | Noticed a meat berserker
     9 | D        | Reached skill level 5 in Spellcasting
     9 | D        | Reached skill level 5 in Conjurations
     9 | D        | Reached skill level 5 in Hexes
     9 | D        | Reached skill level 5 in Summonings
     9 | D        | Reached skill level 5 in Necromancy
     9 | D        | Reached skill level 5 in Translocations
     9 | D        | Reached skill level 5 in Fire Magic
     9 | D        | Reached skill level 5 in Ice Magic
     9 | D        | Reached skill level 5 in Air Magic
     9 | D        | Reached skill level 5 in Earth Magic
     9 | D        | Reached skill level 5 in Alchemy
     9 | D        | Reached XP level 13. HP: 111/111 MP: 0/0
     9 | D        | Learned a level 5 spell: Summon Forest
     9 | D        | Killed a bag of meat
     9 | D        | Reached * piety under Makhleb
    10 | D        | Noticed a bag of meat
    10 | D        | Noticed a meat berserker
    10 | D        | Noticed a bag of meat
    10 | D        | Noticed a meat berserker
    10 | D        | Noticed a bag of meat
    11 | D        | Noticed a bag of meat
    11 | D        | Noticed a bag of meat
    11 | D        | Noticed a bag of meat
    11 | D        | Killed a meat berserker
    11 | D        | Noticed a bag of meat
    11 | D        | Noticed a bag of meat
    11 | D        | Noticed a bag of meat
    11 | D        | Noticed a bag of meat
    11 | D        | Noticed a bag of meat
    11 | D        | Noticed a bag of meat
    12 | D        | Reached skill level 10 in Throwing
    12 | D        | Reached XP level 14. HP: 50/121 MP: 0/0
    12 | D        | Killed a meat berserker
    12 | D        | Killed a meat berserker
    12 | D        | Reached ** piety under Makhleb
    12 | D        | Killed a meat berserker
    12 | D        | Noticed a meat berserker
    12 | D        | Noticed a bag of meat
    12 | D        | Noticed a bag of meat
    13 | D        | Reached XP level 15. HP: 56/135 MP: 0/0
    13 | D        | Learned a level 6 spell: Starburst
    13 | D        | Reached XP level 16. HP: 59/141 MP: 0/0
    13 | D        | Noticed a meat berserker
    13 | D        | Reached *** piety under Makhleb
    13 | D        | Noticed a meat berserker
    13 | D        | Noticed a large bag of meat
    13 | D        | Noticed a meat berserker
    14 | D        | Reached skill level 15 in Throwing
    14 | D        | Noticed a meat berserker
    14 | D        | Reached **** piety under Makhleb
    14 | D        | Noticed a meat berserker
    14 | D        | Noticed a meat berserker
    15 | D        | Reached XP level 17. HP: 85/154 MP: 0/0
    15 | D        | Learned a level 6 spell: Dispersal
    15 | D        | Reached ***** piety under Makhleb
    16 | D        | Reached skill level 27 in Dodging
    16 | D        | Reached XP level 18. HP: 157/165 MP: 0/0
    17 | D        | Killed a large bag of meat
    18 | D        | Reached skill level 27 in Fighting
    18 | D        | Reached skill level 27 in Unarmed Combat
    18 | D        | Reached XP level 19. HP: 161/174 MP: 0/0
    18 | D        | Learned a level 7 spell: Orb of Destruction
    19 | D        | Noticed a meat berserker
    19 | D        | Noticed a large bag of meat
    20 | D        | Noticed a meat berserker
    20 | D        | Noticed a meat berserker
    21 | D        | Killed a meat berserker
    21 | D        | Reached ****** piety under Makhleb
    22 | D        | Killed a meat berserker
    22 | D        | Noticed a meat berserker
    23 | D        | Noticed a large bag of meat
    23 | D        | Noticed a large bag of meat
    24 | D        | Killed a meat berserker
    24 | D        | Killed a meat berserker
    24 | D        | Killed a meat berserker
    24 | D        | Noticed a large bag of meat
    25 | D        | Reached skill level 27 in Throwing
    25 | D        | Reached skill level 27 in Spellcasting
    25 | D        | Reached skill level 27 in Conjurations
    25 | D        | Reached skill level 27 in Hexes
    25 | D        | Reached skill level 27 in Summonings
    25 | D        | Reached skill level 27 in Necromancy
    25 | D        | Reached skill level 27 in Translocations
    25 | D        | Reached skill level 27 in Fire Magic
    25 | D        | Reached skill level 27 in Ice Magic
    25 | D        | Reached skill level 27 in Air Magic
    25 | D        | Reached skill level 27 in Earth Magic
    25 | D        | Reached skill level 27 in Alchemy
    25 | D        | Reached XP level 20. HP: 104/181 MP: 0/0
    25 | D        | Killed a meat berserker
    26 | D        | Reached XP level 21. HP: 161/187 MP: 0/0
    26 | D        | Learned a level 8 spell: Infestation
    27 | D        | Killed a meat berserker
    28 | D        | Reached skill level 27 in Axes
    29 | D        | Killed a meat berserker
    29 | D        | Noticed a large bag of meat
    30 | D        | Noticed a destroyer
    30 | D        | Noticed a destroyer
    30 | D        | Killed a meat berserker
    30 | D        | Killed a meat berserker
    30 | D        | Noticed an eight-headed meat hydra
    31 | D        | Reached skill level 27 in Armour
    31 | D        | Reached XP level 22. HP: 194/194 MP: 0/0
    31 | D        | Annihilated by a large bag of meat

Illustrated notes

Levels and vault maps discovered:
D:        meatsprint

Skill      XL: |  1  2  3  4  5  6  7  8  9 10 11 12 13 14 15 16 17 18 19 20 21 |
---------------+----------------------------------------------------------------+-----
Fighting       | 15 16 18 21 24 25 27 | 27.0
Axes           | 13 18 24 27 | 27.0
Throwing       | 3 6 10 14 17 19 22 27 | 27.0
Armour         | 4 6 9 27 | 27.0
Dodging        | 15 16 19 22 25 27 | 27.0
Unarmed Combat | 14 16 18 21 24 25 27 | 27.0
Spellcasting   | 5 8 13 16 18 21 27 | 27.0
Conjurations   | 5 8 13 16 18 21 27 | 27.0
Hexes          | 5 8 13 16 18 21 27 | 27.0
Summonings     | 5 8 13 16 18 21 27 | 27.0
Necromancy     | 5 8 13 16 18 21 27 | 27.0
Translocations | 5 8 13 16 18 21 27 | 27.0
Fire Magic     | 5 8 13 16 18 21 27 | 27.0
Ice Magic      | 5 8 13 16 18 21 27 | 27.0
Air Magic      | 5 8 13 16 18 21 27 | 27.0
Earth Magic    | 5 8 13 16 18 21 27 | 27.0
Alchemy        | 5 8 13 16 18 21 27 | 27.0

Action                     |  1- 3 |  4- 6 |  7- 9 | 10-12 | 13-15 | 16-18 | 19-21 | 22-24 || total
---------------------------+-------+-------+-------+-------+-------+-------+-------+-------++-------
  Melee: Executioner's axe |     1 |       |       |     1 |     3 |     5 |     6 |       ||    16
   Cast: Vhi's Electric Ch |       |       |       |       |     1 |     5 |     1 |       ||     7
         Infestation       |       |       |       |       |       |       |     1 |     1 ||     2
 Armour: Leather armour    |       |       |       |       |     1 |     4 |     6 |     3 ||    14
